 Dungeon Crawl Stone Soup version 0.28.0-47-ge53b351184 (webtiles) character file.

Game seed: 15056721151900535697

63076 RatsInWalls the Fighter (level 14, -4/116 HPs)
             Began as a Red Draconian Ice Elementalist on May 10, 2022.
             Was the Champion of Hepliaklqana.
             Slain by a death knight
             ... wielding a +4 battleaxe
              (8 damage)
             ... while petrified by a basilisk
             ... on level 15 of the Dungeon.
             The game lasted 01:37:49 (29535 turns).

RatsInWalls the Fighter (DrIE)                     Turns: 29535, Time: 01:37:49

Health: -4/116     AC: 14    Str: 12    XL:     14   Next: 66%
Magic:  29/29      EV:  2    Int: 20    God:    Hepliaklqana [******]
Gold:   2068       SH:  0    Dex: 11    Spells: 8/35 levels left

rFire   + . .      SeeInvis .   e - staff of cold
rCold   + + .      Faith    .   (no shield)
rNeg    + + +      Spirit   .   (armour unavailable)
rPois   ∞          Reflect  .   (helmet restricted)
rElec   .          Harm     .   m - +1 cloak
rCorr   .          Rampage  .   (no gloves)
Will    +....                   (no boots)
Stlth   ++........              M - amulet of the acrobat
HPRegen 0.29/turn               a - ring of protection from cold
MPRegen 0.21/turn               y - +4 ring of protection

@: petrified, spiked
A: reduced essence, breathe fire, AC +8, unfitting armour, fire resistance 1,
cold-blooded
a: Breathe Fire, Renounce Religion, Recall Ancestor, Ancestor Identity,
Transference, Idealise


You were on level 15 of the Dungeon.
You worshipped Hepliaklqana.
Hepliaklqana was exalted by your worship.
You visited 2 branches of the dungeon, and saw 21 of its levels.

You collected 2068 gold pieces.

Inventory:

Armour
 m - a +1 cloak (worn)
Magical Staves
 e - a staff of cold (weapon)
 C - a staff of death
Jewellery
 a - a ring of protection from cold (left hand)
 d - a ring of protection from fire
 y - a +4 ring of protection (right hand)
 G - a ring of resist corrosion
 L - an amulet of guardian spirit
 M - an amulet of the acrobat (around neck)
 O - a ring of magical power
Wands
 o - a wand of polymorph (21)
 r - a wand of digging (8)
 v - a wand of flame (18)
 A - a wand of charming (8)
 D - a wand of iceblast (22)
 H - a wand of acid (22)
Scrolls
 f - 4 scrolls of identify
 k - 6 scrolls of blinking
 l - a scroll of silence
 n - 5 scrolls of teleportation
 p - 4 scrolls of brand weapon
 q - 2 scrolls of magic mapping
 s - 2 scrolls of enchant armour
 E - a scroll of amnesia
 F - a scroll of enchant weapon
 K - 3 scrolls of fear
Potions
 b - 7 potions of haste
 c - 6 potions of might
 g - a potion of berserk rage
 h - 4 potions of flight
 i - 3 potions of resistance
 j - 2 potions of invisibility
 t - 8 potions of curing
 u - a potion of heal wounds
 w - 3 potions of mutation
 x - 5 potions of brilliance
 z - 2 potions of attraction
 B - 2 potions of lignification
Miscellaneous
 I - a phial of floods
 J - a box of beasts (inert)


   Skills:
 + Level 13.1 Fighting
 - Level 0.1 Short Blades
 - Level 1.5 Staves
 - Level 5.4 Dodging
 - Level 2.1 Stealth
 + Level 11.4 Spellcasting
 + Level 9.3 Conjurations
 - Level 7.2 Hexes
 - Level 8.6 Necromancy
 * Level 8.4 Fire Magic
 - Level 7.2 Ice Magic
 - Level 4.4 Invocations
 - Level 5.2 Evocations


You had 8 spell levels left.
You knew the following spells:

 Your Spells              Type           Power      Damage    Failure   Level
a - Freeze                Ice            100%       1d11      1%          1
b - Frozen Ramparts       Ice            100%       1d12      1%          3
c - Ozocubu's Armour      Ice            57%        N/A       1%          3
d - Hailstorm             Conj/Ice       61%        3d13      1%          4
e - Sublimation of Blood  Necr           46%        N/A       1%          2
f - Anguish               Hex/Necr       21%        N/A       2%          4
h - Starburst             Conj/Fire      23%        6d8       24%         6
i - Fulminant Prism       Conj/Hex       22%        3d13      1%          4

Your spell library contained the following spells:

 Spells                   Type           Power      Damage    Failure   Level
 Animate Skeleton         Necr           92%        N/A       1%          1
 Ensorcelled Hibernation  Hex/Ice        100%       N/A       1%          2
 Dazzling Flash           Conj/Hex       88%        N/A       1%          3
 Tukima's Dance           Hex            40%        N/A       1%          3
 Sticky Flame             Conj/Fire      47%        2d6       1%          4
 Portal Projectile        Hex/Tloc       50%        N/A       4%          3
 Summon Guardian Golem    Hex/Summ       25%        N/A       4%          3
 Apportation              Tloc           22%        N/A       6%          1
 Beastly Appendage        Tmut           22%        N/A       6%          1
 Sting                    Tmut/Pois      44%        1d5       6%          1
 Summon Small Mammal      Summ           44%        N/A       6%          1
 Blink                    Tloc           22%        N/A       9%          2
 Poisonous Vapours        Pois/Air       22%        N/A       9%          2
 Wereblood                Tmut           11%        N/A       9%          2
 Iskenderun's Mystic Bla  Conj/Tloc      30%        2d8       9%          4
 Leda's Liquefaction      Hex/Erth       12%        N/A       14%         4
 Call Canine Familiar     Summ           11%        N/A       19%         3
 Lesser Beckoning         Tloc           11%        N/A       19%         3
 Spider Form              Tmut/Pois      11%        N/A       19%         3
 Irradiate                Conj/Tmut      15%        3d18      24%         5
 Lightning Bolt           Conj/Air       15%        1d29      24%         5
 Airstrike                Air            5%         N/A       52%         4
 Olgreb's Toxic Radiance  Pois           11%        N/A       52%         4
 Petrify                  Tmut/Erth      11%        N/A       52%         4
 Summon Lightning Spire   Summ/Air       11%        N/A       52%         4
 Orb of Destruction       Conj           24%        9d9       73%         7
 Lee's Rapid Deconstruct  Erth           5%         3d7*      86%         5
 Manifold Assault         Tloc           11%        N/A       86%         5
 Enfeeble                 Hex            20%        N/A       95%         7
 Spellforged Servitor     Conj/Summ      15%        N/A       100%        7
 Lehudib's Crystal Spear  Conj/Erth      15%        10d5      100%        8
 Fire Storm               Conj/Fire      23%        8d6       100%        9


Dungeon Overview and Level Annotations

Branches:
Dungeon (15/15)            Temple (0/1) D:5            Lair (6/6) D:10
 Shoals (0/4) Lair:2       Spider (0/4) Lair:2        Slime (0/5) Lair:5
    Orc (0/2) D:9          Vaults (0/5) D:13
 Depths: D:15

Altars:
Cheibriados
Dithmenos
Elyvilon
Gozag
Hepliaklqana
Nemelex Xobeh
Okawaru
Qazlal
Wu Jian
Xom
Yredelemnul
Jiyva
Lugonu

Shops:
D:7 =   D:10 [   D:14 (

Annotations:
D:3 Ijyb
D:8 3 runed translucent doors, pkoi's ghost, novice DgGl
D:15 Roxanne
Lair:6 3 runed translucent doors, Rexfelis's ghost, journeyman MiBe


Innate Abilities, Weirdness & Mutations

Your life essence is reduced to manifest your ancestor. (-10% HP)
You can breathe blasts of fire.
Your fiery red scales are hard. (AC +8)
You cannot fit into any form of body armour.
Your flesh is heat resistant. (rF+)
You are cold-blooded and may be slowed by cold attacks.


Message History

The efreet hits Shield Knight but does no damage.
The four-headed hydra bites you!
* * * LOW HITPOINT WARNING * * *
The four-headed hydra bites you but does no damage.
The four-headed hydra bites you.
* * * LOW HITPOINT WARNING * * *
The four-headed hydra bites you but does no damage.
Shield Knight hits the efreet with a +0 flail.
The basilisk bites Shield Knight but does no damage.
The tengu warrior hits you from afar with a +0 halberd.
* * * LOW HITPOINT WARNING * * *
The death knight barely misses you.
The efreet hits Shield Knight with a +4 scimitar of flaming!
The efreet burns Shield Knight.
The four-headed hydra bites you but does no damage.
The four-headed hydra bites you!
* * * LOW HITPOINT WARNING * * *
The four-headed hydra bites you but does no damage. x2
You feel less invigorated.
You feel less confused.
Shield Knight barely misses the efreet.
The boulder beetle stops rolling and uncurls.
Shield Knight blocks the basilisk's attack.
The tengu warrior hits you from afar with a +0 halberd!
* * * LOW HITPOINT WARNING * * *
Roxanne casts a spell.
The bolt of magma hits you!! You partially resist.
* * * LOW HITPOINT WARNING * * *
The death knight hits you with a +4 battleaxe!
* * * LOW HITPOINT WARNING * * *
Shield Knight blocks the efreet's attack.
The four-headed hydra bites you but does no damage. x2
The four-headed hydra bites you!
* * * LOW HITPOINT WARNING * * *
The four-headed hydra bites you.
* * * LOW HITPOINT WARNING * * *
Shield Knight hits the efreet with a +0 flail.
The tengu warrior hits you but does no damage.
The death knight hits you with a +4 battleaxe!
You die...

.#........P≈.≈≈
............≈≈..
...........P≈≈≈≈
.<..........P≈≈≈
............c...
............#...
......BlBRQ.....
......#pDR......
#.... #.@..8....
.... #......###
.....##.. #......#
.....< ..
..#.....############
+#.... .
........##.........#
.#...#
#..................#
.#...#.# ..
#..................#
.#...#.# .
#..................#
.#...#.#.#
...................#


You could see the friendly Shield Knight the knight, Roxanne, a death knight, 2
boulder beetles, a four-headed hydra, a tengu warrior, a yaktaur, an efreet
(ally target) and a basilisk.

Vanquished Creatures
  Rupert (Lair:6)
  Kirke (Lair:5)
  A dire elephant (Lair:6)
  5 hydras
  2 boulder beetles (D:12)
  2 centaur warriors (D:13)
  4 two-headed ogres
  The ghost of pkoi the Cruncher, a novice DgGl (Lair:1)
  6 death yaks
  A deep troll shaman (Lair:6)
  Sonja (D:12)
  Pikel (D:7)
  A deep elf pyromancer (D:14)
  A wolf spider (D:15)
  A manticore (D:14)
  5 elephants (Lair:6)
  5 black mambas
  An unseen horror (D:10)
  A cane toad (shapeshifter) (D:13)
  7 komodo dragons
  An efreet (D:13)
  3 rime drakes
  11 cane toads
  3 kobold demonologists
  A troll (D:13)
  3 slime creatures (D:14)
  A hornet (D:14)
  2 polar bears (Lair:6)
  6 dream sheep (Lair:4)
  13 blink frogs
  A shadow (D:11)
  2 water elementals
  3 wyverns (Lair:2)
  Grum (D:8)
  Eustachio (D:6)
  4 hogs (Lair:5)
  22 yaks
  4 basilisks
  5 vampire mosquitoes
  4 water moccasins
  Duvessa (D:6)
  4 orc warriors
  2 sky beasts
  3 black bears
  6 wolves
  6 centaurs
  2 ogres (D:4)
  A phantom (D:4)
  2 lemures (D:7)
  A kobold brigand (D:8)
  7 bullfrogs
  3 gnoll sergeants
  2 scorpions (D:5)
  A wyvern skeleton (D:6)
  Dowan (D:6)
  13 killer bees (D:9)
  3 howler monkeys
  2 wights (D:8)
  3 electric eels
  2 hounds (D:6)
  5 orc priests
  2 iguanas (D:6)
  Natasha (thrice) (D:3)
  3 orc wizards
  A human simulacrum (D:10)
  A howler monkey zombie (D:9)
  16 gnolls
  9 adders
  3 worms
  3 dart slugs
  31 orcs
  11 ball pythons
  4 bats
  7 endoplasms
  5 giant cockroaches
  5 goblins
  6 hobgoblins
  A jackal (D:2)
  7 quokkas
  5 frilled lizards
  6 kobolds
  7 rats
  2 fulminant prisms (Lair:6)
347 creatures vanquished.

Vanquished Creatures (collateral kills)
  A yaktaur captain (D:13)
  A boulder beetle (D:11)
  2 hydras
  A catoblepas (Lair:6)
  2 death yaks
  A two-headed ogre (D:10)
  A cyclops (D:14)
  A manticore (D:15)
  An elephant (Lair:6)
  A torpor snail (Lair:4)
  Maggie (D:7)
  3 cane toads
  5 komodo dragons
  A kobold demonologist (D:12)
  An unseen horror (D:11)
  2 rime drakes
  A tengu conjurer (D:14)
  2 yaktaurs (D:13)
  3 trolls
  2 polar bears
  3 dream sheep (Lair:4)
  7 blink frogs
  A shadow (D:11)
  A wraith (D:11)
  7 yaks
  A wyvern (D:8)
  3 basilisks
  A steam dragon (D:10)
  5 vampire mosquitoes (D:12)
  Edmund (D:6)
  5 water moccasins
  An acid dragon (D:8)
  2 black bears
  3 orc warriors (D:11)
  3 wolves (Lair:6)
  A centaur (D:8)
  A bullfrog (Lair:5)
  A scorpion (Lair:2)
  A wyvern skeleton (D:5)
  5 wights (D:8)
  A centaur zombie (D:7)
  A hound (D:6)
  2 orc wizards
  A killer bee zombie (D:9)
  A human simulacrum (D:10)
  2 howler monkey zombies
  2 gnolls (D:10)
  A white imp (D:8)
  11 orcs
  A butterfly (Lair:3)
109 creatures vanquished.

Vanquished Creatures (others)
  A cane toad (Lair:1)
  A komodo dragon (Lair:3)
  2 dream sheep (Lair:4)
  A blink frog (Lair:2)
  A yak (Lair:6)
  A human (Lair:5)
  A black bear (Lair:5)
  A hornet simulacrum (D:15)
  3 knights
  6 demonic plants (D:12)
  28 fulminant prisms
  53 fungi
  122 plants
  3 withered plants (D:5)
224 creatures vanquished.

Grand Total: 680 creatures vanquished

Notes
Turn   | Place    | Note
-------+----------+-------------------------------------------
     0 | D:1      | RatsInWalls the Draconian Ice Elementalist began the quest
                  | for the Orb.
     0 | D:1      | Reached XP level 1. HP: 14/14 MP: 3/3
   222 | D:1      | Reached XP level 2. HP: 20/22 MP: 0/5
   469 | D:1      | Reached skill level 1 in Fighting
   848 | D:1      | Reached XP level 3. HP: 23/28 MP: 2/6
   948 | D:1      | Learned a level 3 spell: Frozen Ramparts
  1204 | D:2      | Found an ornate altar of the Wu Jian Council.
  2051 | D:2      | Reached XP level 4. HP: 35/35 MP: 5/7
  2118 | D:2      | Reached skill level 1 in Staves
  2730 | D:3      | Found an iron altar of Okawaru.
  2732 | D:3      | Noticed Natasha
  2742 | D:3      | Killed Natasha
  2743 | D:3      | Reached skill level 2 in Fighting
  2860 | D:3      | Noticed Natasha
  2863 | D:3      | Killed Natasha
  2864 | D:3      | Reached XP level 5. HP: 41/41 MP: 4/9
  2988 | D:3      | Noticed Natasha
  2994 | D:3      | Found a faded altar of an unknown god.
  2997 | D:3      | Killed Natasha
  3006 | D:3      | Noticed Ijyb
  3177 | D:3      | Found a hazy altar of Hepliaklqana.
  3245 | D:3      | Became a worshipper of Hepliaklqana the Forgotten
  3493 | D:4      | Noticed a phantom
  3607 | D:4      | Noticed an ogre
  3672 | D:4      | Found a stormy altar of Qazlal.
  3672 | D:4      | Found an ornate altar of the Wu Jian Council.
  3673 | D:4      | Found a snail-covered altar of Cheibriados.
  3745 | D:4      | Noticed an ogre
  3760 | D:4      | Killed an ogre
  3761 | D:4      | Reached skill level 5 in Ice Magic
  3761 | D:4      | Reached XP level 6. HP: 35/50 MP: 3/10
  4050 | D:4      | Reached skill level 1 in Evocations
  4291 | D:4      | Reached skill level 3 in Fighting
  4550 | D:4      | Reached * piety under Hepliaklqana
  4946 | D:4      | Your scales start taking on a fiery red colour.
  4946 | D:4      | Reached XP level 7. HP: 51/51 MP: 10/12
  4946 | D:4      | Gained mutation: Your flesh is heat resistant. (rF+) [Red
                  | Draconian growth]
  5160 | D:5      | Entered Level 5 of the Dungeon
  5292 | D:5      | Found a shimmering altar of Xom.
  5417 | D:5      | Found a basalt altar of Yredelemnul.
  5436 | D:5      | Found a staircase to the Ecumenical Temple.
  5616 | D:5      | Reached skill level 5 in Ice Magic
  6458 | D:6      | Reached skill level 4 in Fighting
  6469 | D:6      | Reached XP level 8. HP: 59/59 MP: 4/14
  6577 | D:6      | Reached ** piety under Hepliaklqana
  6578 | D:6      | Remembered your ancestor Shield Knight as a knight
  6609 | D:6      | Noticed Eustachio
  6614 | D:6      | Killed Eustachio
  6824 | D:6      | Noticed Dowan
  6825 | D:6      | Noticed Duvessa
  6833 | D:6      | Killed Dowan
  6833 | D:6      | Killed Duvessa
  6948 | D:6      | Found a sparkling altar of Nemelex Xobeh.
  7009 | D:6      | Noticed Edmund
  7016 | D:6      | Killed Edmund
  7182 | D:6      | Reached skill level 5 in Fighting
  8133 | D:6      | Learned a level 3 spell: Ozocubu's Armour
  8177 | D:7      | Noticed Pikel
  8196 | D:7      | Killed Pikel
  8197 | D:7      | Reached skill level 5 in Spellcasting
  8197 | D:7      | Reached XP level 9. HP: 61/66 MP: 7/16
  8275 | D:7      | Noticed Maggie
  8281 | D:7      | Reached *** piety under Hepliaklqana
  8290 | D:7      | Killed Maggie
  8354 | D:7      | Found Taakis's Jewellery Shop.
  8711 | D:7      | Reached skill level 6 in Fighting
  8804 | D:7      | Learned a level 4 spell: Hailstorm
  8825 | D:8      | Reached skill level 1 in Necromancy
  8887 | D:8      | Reached skill level 5 in Evocations
  8889 | D:8      | Reached skill level 1 in Conjurations
  8949 | D:8      | Noticed Grum
  8955 | D:8      | Killed Grum
  9271 | D:8      | Noticed a two-headed ogre
  9303 | D:8      | Killed a two-headed ogre
  9304 | D:8      | Reached XP level 10. HP: 75/75 MP: 12/19
  9758 | D:8      | Reached skill level 7 in Fighting
  9873 | D:8      | Found a runed translucent gate.
  9873 | D:8      | Found a runed translucent gate.
  9874 | D:8      | Found a runed translucent gate.
  9874 | D:8      | Found an opulent altar of Gozag.
  9875 | D:8      | Noticed pkoi's ghost (novice DgGl)
 10344 | D:8      | Reached **** piety under Hepliaklqana
 10345 | D:8      | Noticed a two-headed ogre
 10353 | D:8      | Killed a two-headed ogre
 11320 | D:9      | Found a staircase to the Orcish Mines.
 11626 | D:10     | Entered Level 10 of the Dungeon
 11849 | D:10     | Found Lecena's Antique Armour Boutique.
 11853 | D:10     | Reached skill level 8 in Fighting
 11854 | D:10     | Noticed a two-headed ogre
 11869 | D:10     | Killed a two-headed ogre
 11870 | D:10     | Reached skill level 5 in Necromancy
 11951 | D:10     | Reached skill level 5 in Conjurations
 12364 | D:10     | Found a staircase to the Lair.
 12636 | D:10     | Reached XP level 11. HP: 85/85 MP: 2/22
 12756 | D:10     | Noticed a two-headed ogre
 12762 | D:10     | Killed a two-headed ogre
 12857 | D:10     | Noticed a two-headed ogre
 12863 | D:10     | Killed a two-headed ogre
 13166 | D:11     | Learned a level 2 spell: Sublimation of Blood
 13383 | D:11     | Reached skill level 9 in Fighting
 13574 | D:11     | Noticed a boulder beetle
 13595 | D:11     | Killed a boulder beetle
 13692 | D:11     | Learned a level 4 spell: Anguish
 14284 | D:12     | Reached skill level 1 in Hexes
 14479 | D:12     | Found a corrupted altar of Lugonu.
 14502 | D:12     | Noticed a boulder beetle
 14517 | D:12     | Killed a boulder beetle
 14852 | D:12     | Reached ***** piety under Hepliaklqana
 14938 | D:12     | Noticed Sonja
 14951 | D:12     | Noticed a boulder beetle
 14953 | D:12     | Killed Sonja
 14972 | D:12     | Killed a boulder beetle
 15233 | D:12     | Reached XP level 12. HP: 89/95 MP: 21/24
 16022 | Lair:1   | Entered Level 1 of the Lair of Beasts
 16151 | Lair:1   | Reached skill level 10 in Fighting
 16383 | Lair:1   | Found a runed translucent gate.
 16383 | Lair:1   | Found a runed translucent gate.
 16384 | Lair:1   | Found a runed translucent gate.
 16386 | Lair:1   | Noticed pkoi's ghost (novice DgGl)
 16386 | Lair:1   | Noticed a 12-headed hydra
 16609 | Lair:1   | Killed a 12-headed hydra
 16614 | Lair:1   | Killed pkoi's ghost
 17199 | Lair:2   | Found a hole to the Spider Nest.
 17474 | Lair:2   | Reached skill level 5 in Dodging
 17767 | Lair:2   | Learned a level 3 spell: Tukima's Dance
 17817 | Lair:2   | Found a staircase to the Shoals.
 17851 | Lair:2   | Noticed a five-headed hydra
 17856 | Lair:2   | Killed a five-headed hydra
 17986 | Lair:2   | Noticed a four-headed hydra
 18004 | Lair:2   | Killed a four-headed hydra
 18107 | Lair:2   | Found a white marble altar of Elyvilon.
 18501 | Lair:3   | Noticed a death yak
 18503 | Lair:3   | Noticed a death yak
 18503 | Lair:3   | Noticed a death yak
 18503 | Lair:3   | Noticed a death yak
 18832 | Lair:3   | Reached skill level 11 in Fighting
 18877 | Lair:3   | Reached skill level 1 in Invocations
 19146 | Lair:3   | Reached skill level 5 in Hexes
 19421 | Lair:3   | Learned a level 6 spell: Starburst
 19507 | Lair:3   | Killed a death yak
 19508 | Lair:3   | Reached XP level 13. HP: 75/104 MP: 23/26
 19509 | Lair:3   | Reached skill level 1 in Fire Magic
 20472 | Lair:4   | Reached skill level 10 in Spellcasting
 21861 | Lair:5   | Noticed Kirke
 21868 | Lair:5   | Killed Kirke
 22091 | Lair:5   | Reached skill level 12 in Fighting
 22171 | Lair:5   | Found a viscous altar of Jiyva.
 22172 | Lair:5   | Found a staircase to the Slime Pits.
 22436 | Lair:5   | Learned a level 4 spell: Fulminant Prism
 22531 | Lair:5   | Reached ****** piety under Hepliaklqana
 22684 | Lair:5   | Reached skill level 5 in Fire Magic
 23343 | Lair:6   | Entered Level 6 of the Lair of Beasts
 23372 | Lair:6   | Noticed Rupert
 23992 | Lair:6   | Killed Rupert
 24312 | Lair:6   | Reached XP level 14. HP: 114/114 MP: 20/28
 25356 | Lair:6   | Found a runed translucent gate.
 25357 | Lair:6   | Found a runed translucent gate.
 25359 | Lair:6   | Found a runed translucent gate.
 25361 | Lair:6   | Noticed an acid blob
 25361 | Lair:6   | Noticed an azure jelly
 25361 | Lair:6   | Noticed an azure jelly
 25362 | Lair:6   | Found a viscous altar of Jiyva.
 25362 | Lair:6   | Noticed an azure jelly
 25362 | Lair:6   | Noticed Rexfelis's ghost (journeyman MiBe)
 25362 | Lair:6   | Noticed an acid blob
 25362 | Lair:6   | Noticed an azure jelly
 25362 | Lair:6   | Noticed an azure jelly
 25362 | Lair:6   | Noticed an acid blob
 26336 | Lair:6   | Found the +8 demon blade "Leech" {vamp, Harm Drain rN+}
 27677 | D:13     | Identified 2 scrolls of acquirement
 27679 | D:13     | Acquired 666 gold pieces
 27681 | D:13     | Acquired RatsInWalls's Handbook of Combat Magic
 27791 | D:13     | Found a gate to the Vaults.
 27799 | D:13     | Reached skill level 13 in Fighting
 28431 | D:14     | Found a shadowy altar of Dithmenos.
 28478 | D:14     | Found Gilom's Antique Weapon Emporium.
 29316 | D:15     | Entered Level 15 of the Dungeon
 29510 | D:15     | Noticed Roxanne
 29534 | D:15     | HP: 4/116 [four-headed hydra (5)]
 29535 | D:15     | Slain by a death knight

Illustrated notes

Levels and vault maps discovered:
D:1:      dpeg_arrival_ratfight, layout_rooms
D:2:      layout_loops_corners, basic_altar, kennysheep_doodads, minmay_bisected
D:3:      layout_loops_ring, mainiacjoe_overflow_surrounded_room,
          mainiacjoe_overflow_boulevard, nicolae_ecumenical_pavilion,
          uniq_natasha, uniq_ijyb
D:4:      nicolae_BIG_FREAKIN_CUBE, layout_basic, gammafunk_temple_overflow_claw
D:5:      layout_loops_ring, xom_teletrap_fun, yredelemnul_altar_generic,
          minmay_temple_entry_grid, serial_bayou, serial_bayou_shore_b,
          serial_bayou_crossing, serial_bayou_lagoon_a, serial_bayou_ford_a,
          kennysheep_opposing_triangles
D:6:      layout_layer_cave, nemelex_diamond_rough_becter, nrook_campfire,
          uniq_edmund, uniq_duvessa, uniq_eustachio
D:7:      layout_cave_pools, serial_shops, nicolae_square_shop,
          columned_hall_lemuel, uniq_pikel, uniq_maggie
D:8:      minmay_spotlight, layout_cave_pods, ebering_ghost_gozag, uniq_grum
D:9:      layout_gridville, david_orc_2
D:10:     layout_loops_ring, david_lair_shrubbed, serial_shops,
          nicolae_shop_crystal, bh_circular_ruins
D:11:     layout_cave_pools, special_room [special_room_orc],
          minmay_misc_feat_secret_circle
D:12:     kennysheep_kobold_lugonu_temple, layout_basic, uniq_sonja
D:13:     layout_rooms, david_vaults_2, roderic_roman_lattice
D:14:     layout_gridville, minmay_strange_pillars, nicolae_stop_n_shop_2,
          nrook_loot_triangle, nicolae_dithmenos_the_darkroom
D:15:     grunt_enter_depths_snipers, layout_basic, minmay_misc_feat_encased,
          minmay_misc_feat_iff, serial_bayou_pond_b, uniq_roxanne
Lair:1:   layout_gridlike, gammafunk_ghost_hydra_chop
Lair:2:   layout_chaotic_city, shoals_dummy_entry, dummy_spider_entry,
          basic_altar, serial_bayou_shore_a, grunt_megastairs_2
Lair:3:   layout_big_grid, lemuel_fruit_fields
Lair:4:   layout_cave_shapes, minmay_stone_trees_medium,
          cheibrodos_lair_caveside_slide, minmay_lair_drake_nest
Lair:5:   layout_cave_pods, slime_altar_1, eino_small_chamber_without_monster,
          beast_lair_carwin_2, uniq_kirke
Lair:6:   grunt_lair_end_beastmaster, layout_layer_cave, gammafunk_ghost_ooze,
          grunt_megastairs_5, uniq_rupert

Skill      XL: |  1  2  3  4  5  6  7  8  9 10 11 12 13 14 |
---------------+-------------------------------------------+-----
Stealth        | 2 |  2.1
Dodging        | 2 3 4 5 |  5.4
Fighting       | 1 2 3 4 5 6 8 9 11 12 13 | 13.1
Staves         | 1 |  1.5
Spellcasting   | 3 4 5 6 7 8 9 10 11 | 11.4
Ice Magic      | 5 4 5 6 7 |  7.2
Evocations     | 1 2 4 5 |  5.2
Necromancy     | 3 5 7 8 |  8.6
Conjurations   | 2 5 7 8 9 |  9.3
Hexes          | 2 5 6 7 |  7.2
Invocations    | 2 3 4 |  4.4
Fire Magic     | 5 8 |  8.4
Short Blades   | |  0.1

Action                   |  1- 3 |  4- 6 |  7- 9 | 10-12 | 13-15 || total
-------------------------+-------+-------+-------+-------+-------++-------
Melee: Unarmed           |    16 |       |       |       |       ||    16
       Staff             |     4 |    35 |    29 |   151 |   105 ||   324
       Tailslap          |     1 |     3 |     4 |    24 |    19 ||    51
       Punch             |       |       |     1 |     4 |     1 ||     6
 Cast: Freeze            |    70 |    67 |    76 |    36 |    64 ||   313
       Frozen Ramparts   |     2 |     6 |    16 |    62 |    44 ||   130
       Ozocubu's Armour  |       |       |     5 |    24 |    36 ||    65
       Hailstorm         |       |       |       |    95 |    99 ||   194
       Anguish           |       |       |       |     7 |     5 ||    12
       Sublimation of Bl |       |       |       |    10 |    14 ||    24
       Fulminant Prism   |       |       |       |       |    30 ||    30
Invok: Ancestor Identity |       |     1 |       |       |       ||     1
       Recall Ancestor   |       |       |     2 |     1 |       ||     3
       Ancestor Life: Kn |       |       |     1 |       |       ||     1
 Abil: Breathe Fire      |       |       |     1 |    11 |     5 ||    17
Evoke: Box of beasts     |       |       |       |     1 |     1 ||     2
  Use: Scroll            |       |     4 |     4 |     6 |    18 ||    32
       Potion            |       |     1 |       |     2 |     3 ||     6
 Stab: Sleeping          |       |       |       |     1 |       ||     1
       Distracted        |       |       |       |       |     4 ||     4
Armor: Skin              |    12 |    21 |    30 |   120 |   166 ||   349
Dodge: Dodged            |    38 |    54 |    68 |   164 |   167 ||   491
